 Dungeon Crawl Stone Soup version 0.17.0-23-g0de4337 (webtiles) character file.

7450 TruthSerum the Grappler (level 10, -4/102 HPs)
             Began as a Troll Monk on Nov 15, 2015.
             Was a High Priest of Okawaru.
             Slain by an orc warrior
             ... wielding a +1 short sword of electrocution
              (18 damage)
             ... on level 1 of the Orcish Mines.
             The game lasted 00:24:48 (7228 turns).

TruthSerum the Grappler (Troll Monk)                Turns: 7228, Time: 00:24:50

Health: -4/102     AC:  8    Str: 21    XL:     10   Next: 93%
Magic:  12/13      EV: 20    Int:  6    God:    Okawaru [*****.]
Gold:   594        SH:  0    Dex: 20    Spells: 0 memorised, 9 levels left

rFire  . . .     SeeInvis .       - Unarmed
rCold  . . .     Clarity  .     a - +1 robe
rNeg   . . .     SustAt   .     (no shield)
rPois  .         Gourm    +     (helmet restricted)
rElec  .         Spirit   .     F - +1 cloak
rCorr  .         Warding  .     (gloves unavailable)
rMut   +         Stasis   .     (boots unavailable)
MR     .....                    g - amulet of resist mutation
Stlth  +++.......               (no ring)
                                j - +5 ring of dexterity

@: heroism, not resistant to hostile enchantments, fairly stealthy
A: unfitting armour, claws 3, fast metabolism 3, gourmand, regeneration 2,
shaggy fur 1, tough skin 2
a: Heroism, Finesse, Renounce Religion


You were on level 1 of the Orcish Mines.
You worshipped Okawaru.
Okawaru was extremely pleased with you.
You were very full.

You visited 2 branches of the dungeon, and saw 10 of its levels.

You collected 664 gold pieces.
You spent 70 gold pieces at shops.

Inventory:

Missiles
 A - 3 large rocks (quivered)
Armour
 a - a +1 robe (worn)
 F - a +1 cloak (worn)
Jewellery
 g - an amulet of resist mutation (around neck)
 j - a +5 ring of dexterity (left claw)
 k - an uncursed ring of fire
 s - an uncursed amulet of guardian spirit {unknown}
 E - an uncursed ring of teleportation
Wands
 m - a wand of slowing (21)
 n - a wand of draining (15)
 G - a wand of slowing (39)
Scrolls
 d - 7 scrolls of teleportation
 u - 2 scrolls of blinking
 z - a scroll of holy word {unknown}
 B - a scroll of fog
 I - 3 scrolls of remove curse
Potions
 c - a potion of might
 e - 2 potions of lignification
 i - 6 potions of curing
 o - 2 potions of haste
 p - a potion of magic
 r - 3 potions of invisibility
 t - a potion of flight {unknown}
 w - 2 potions of ambrosia
 x - a potion of brilliance {unknown}
 C - 3 potions of poison {unknown}
 D - a potion of mutation {unknown}
Books
 v - a book of Hinderance

   Spells                             Type                      Level
   a - Confusing Touch                Hexes                        2
   b - Confuse                        Hexes                        3
   c - Gell's Gravitas                Hexes/Translocation          3
   d - Petrify                        Transmutation/Earth          4
   e - Metabolic Englaciation         Hexes/Ice                    5
Comestibles
 b - 6 bread rations
 f - 11 meat rations
 l - 2 slices of pizza
 q - 2 beef jerkies
 H - 2 chunks of flesh


   Skills:
 + Level 7.0(12.0) Fighting
 + Level 7.3(12.3) Dodging
 - Level 1.1(6.1) Stealth
 + Level 11.2(16.2) Unarmed Combat
 + Level 6.1 Invocations


You had 9 spell levels left.
You didn't know any spells.

Dungeon Overview and Level Annotations

Branches:
Dungeon (9/15)             Temple (0/1) D:5            Lair (0/8) D:9
    Orc (1/4) D:9

Altars:
Cheibriados
Gozag
Kikubaaqudgha
Makhleb
Nemelex Xobeh
Okawaru
Ru
Trog

Shops:
Orc:1 !


Innate Abilities, Weirdness & Mutations

You are too large for most types of armour.
You have claws for hands.
Your metabolism is lightning-fast.
You like to eat raw meat.
You heal very quickly.
You are covered in fur (AC +1).
You have very tough skin (AC +2).


Message History

The orc is severely wounded.
The orc completely misses you. Something hits you but does no damage.
The orc hits you with a hand axe.
* * * LOW HITPOINT WARNING * * *
The orc warrior barely misses you. The orc completely misses you.
You mangle the orc!!
You kill the orc!
Okawaru accepts your kill. Something barely misses you. The orc misses you.
You mangle the orc!!
You kill the orc!
Okawaru accepts your kill. The orc warrior barely misses you.
Something hits you but does no damage.
You scratch the orc.
The orc is heavily wounded.
The orc hits you but does no damage.
The orc warrior hits you with a short sword of electrocution.
* * * LOW HITPOINT WARNING * * *
You are electrocuted!
You die...

############# ## ##
#.#..#....#.#####.###...
#.............#)).......
'........(....({o)......
#.............)o@...#..
...............)........
........................
...<>............>......
.................#......
.................##...#.
...).............. .....
.................# .....
...#........


You could see an orc warrior and an orc.

Vanquished Creatures
  Erica (D:8)
  Pikel (D:6)
  The ghost of jejorda2 the Poker, an amateur HOWr (D:4)
  4 two-headed ogres
  Eustachio (D:6)
  3 yaks (D:9)
  Grum (D:8)
  Menkaure (D:6)
  3 wolves (D:8)
  A sky beast (D:7)
  2 black bears (D:6)
  2 ice beasts
  2 orc warriors
  6 ogres
  A necrophage (D:6)
  2 centaurs (D:6)
  A crocodile (D:6)
  A big kobold (D:9)
  7 giant frogs
  5 scorpions
  9 killer bees (D:8)
  6 orc priests
  A giant frog zombie (D:3)
  3 crimson imps
  3 iguanas
  11 hounds
  3 jellies
  3 orc wizards
  10 worker ants
  2 hound zombies
  9 adders
  12 gnolls
  4 shadow imps
  An adder skeleton (D:4)
  4 worms
  9 giant geckos
  38 orcs
  2 ball pythons
  8 giant cockroaches
  3 goblins (D:1)
  9 hobgoblins
  5 quokkas
  11 bats
  A giant gecko skeleton (D:5)
  4 giant newts
  4 jackals
  7 kobolds (D:9)
  A quokka skeleton (D:5)
  4 rats
233 creatures vanquished.

Vanquished Creatures (others)
  A fungus (D:4)
1 creature vanquished.

Grand Total: 234 creatures vanquished

Notes
Turn   | Place    | Note
--------------------------------------------------------------
     0 | D:1      | TruthSerum the Troll Monk began the quest for the Orb.
     0 | D:1      | Reached XP level 1. HP: 22/22 MP: 0/0
    62 | D:1      | You fall through a shaft!
    85 | D:2      | Reached XP level 2. HP: 23/29 MP: 1/1
   507 | D:2      | Reached XP level 3. HP: 36/36 MP: 2/2
   750 | D:2      | Found a snail-covered altar of Cheibriados.
  1404 | D:3      | Reached XP level 4. HP: 44/44 MP: 3/3
  1456 | D:3      | Found an iron altar of Okawaru.
  1467 | D:3      | Became a worshipper of Warmaster Okawaru
  1467 | D:3      | Reached * piety under Okawaru
  1467 | D:3      | Reached ** piety under Okawaru
  1485 | D:3      | Noticed an ogre
  1491 | D:3      | Killed an ogre
  1491 | D:3      | Reached skill level 5 in Unarmed Combat
  1491 | D:3      | Reached XP level 5. HP: 30/53 MP: 4/4
  1977 | D:3      | Found a burning altar of Makhleb.
  1984 | D:3      | Reached XP level 6. HP: 58/61 MP: 5/5
  2123 | D:4      | Noticed jejorda2's ghost (amateur HOWr)
  2125 | D:3      | Reached skill level 6 in Unarmed Combat
  2363 | D:4      | Killed jejorda2's ghost
  2363 | D:4      | Reached *** piety under Okawaru
  2363 | D:4      | Reached XP level 7. HP: 54/68 MP: 6/6
  2401 | D:4      | Found a sacrificial altar of Ru.
  2465 | D:4      | Reached skill level 7 in Unarmed Combat
  2553 | D:4      | Reached skill level 1 in Invocations
  2639 | D:4      | Found an ancient bone altar of Kikubaaqudgha.
  2813 | D:4      | Reached **** piety under Okawaru
  2813 | D:4      | Reached XP level 8. HP: 45/78 MP: 8/8
  3154 | D:5      | Entered Level 5 of the Dungeon
  3168 | D:5      | Reached skill level 8 in Unarmed Combat
  3337 | D:5      | Reached skill level 5 in Dodging
  3338 | D:5      | Received a gift from Okawaru
  3432 | D:5      | Found a staircase to the Ecumenical Temple.
  3775 | D:5      | Found a bloodstained altar of Trog.
  4009 | D:6      | Reached skill level 9 in Unarmed Combat
  4009 | D:6      | Reached XP level 9. HP: 85/87 MP: 10/10
  4013 | D:6      | Reached skill level 5 in Fighting
  4033 | D:6      | Noticed a two-headed ogre
  4040 | D:6      | Killed a two-headed ogre
  4060 | D:6      | Reached ***** piety under Okawaru
  4235 | D:6      | Noticed Pikel
  4255 | D:6      | Killed Pikel
  4296 | D:6      | Noticed Menkaure
  4299 | D:6      | Killed Menkaure
  4299 | D:6      | Reached skill level 10 in Unarmed Combat
  4380 | D:6      | Found an opulent altar of Gozag.
  4381 | D:6      | Found a sparkling altar of Nemelex Xobeh.
  4448 | D:6      | Noticed Eustachio
  4453 | D:6      | Killed Eustachio
  4662 | D:7      | Received a gift from Okawaru
  4754 | D:7      | Reached XP level 10. HP: 98/98 MP: 12/12
  5525 | D:7      | Reached skill level 5 in Invocations
  5975 | D:8      | Noticed Grum
  5992 | D:8      | Killed Grum
  6135 | D:8      | Noticed Erica
  6141 | D:8      | Killed Erica
  6141 | D:8      | Received a gift from Okawaru
  6400 | D:8      | Reached skill level 11 in Unarmed Combat
  6760 | D:9      | Found a staircase to the Orcish Mines.
  6777 | D:9      | Found a staircase to the Lair.
  7122 | Orc:1    | Entered Level 1 of the Orcish Mines
  7175 | Orc:1    | Found Hunual's Distillery.
  7178 | Orc:1    | Bought a potion of heal wounds for 70 gold pieces
  7218 | Orc:1    | HP: 5/102 [orc warrior/short sword of electrocution (12)]
  7218 | Orc:1    | HP: 2/102 [orc/falchion (3)]
  7228 | Orc:1    | Slain by an orc warrior

Action                   |  1- 3 |  4- 6 |  7- 9 | 10-12 || total
-------------------------+-------+-------+-------+-------++-------
Melee: Unarmed           |   100 |   108 |   312 |   204 ||   724
Invok: Heroism           |       |       |       |     1 ||     1
  Use: Scroll            |       |    10 |     6 |     7 ||    23
       Potion            |       |       |       |     3 ||     3
 Stab: Sleeping          |     4 |     1 |     4 |     1 ||    10
       Distracted        |       |       |       |     1 ||     1
  Eat: Chunk             |    18 |     9 |    22 |    22 ||    71
